 Seeded DCSS version 0.30.1 (webtiles) character file.

Game seed: 11881895049209997116 (custom seed)

28 CInkIbrahim the Chopper (level 3, -2/34 HPs)
             Began as a Naga Fighter on July 10, 2023.
             Slain by Natasha (4 damage)
             ... on level 2 of the Dungeon.
             The game lasted 00:00:57 (881 turns).

CInkIbrahim the Chopper (Naga Fighter)               Turns: 881, Time: 00:00:58

Health: -2/34      AC:  4    Str: 20    XL:     3   Next: 14%
Magic:  3/3        EV:  7    Int:  8    God:
Gold:   13         SH:  4    Dex: 10    Spells: 2/2 levels left

rFire   . . .        a - +0 war axe
rCold   . . .        c - +0 buckler
rNeg    . . .        b - +0 scale mail
rPois   +            (no helmet)
rElec   .            (no cloak)
rCorr   .            (no gloves)
SInv    +            (no barding)
Will    .....        (no amulet) Stlth
                     (no ring)
HPRegen 0.25/turn    (no ring)
MPRegen 0.08/turn

%: no passive effects
@: very slow
A: AC +1, large, see invisible, deformed body, poison resistance, slowness 2,
spit poison 1, naga tail 1
a: Spit Poison


You were on level 2 of the Dungeon.
You visited 1 branch of the dungeon, and saw 2 of its levels.

You collected 13 gold pieces.

Inventory:

Hand Weapons
 a - a +0 war axe (weapon)
Armour
 b - a +0 scale mail (worn)
 c - a +0 buckler (worn)
Scrolls
 e - 2 scrolls of teleportation {unknown}
 f - 2 scrolls of blinking {unknown}
 g - a scroll of vulnerability {unknown}
 i - a scroll of magic mapping {unknown}
 j - 3 scrolls of identify {unknown}
 n - a scroll of immolation {unknown}
Potions
 d - a potion of might
 h - a potion of curing {unknown}
 k - 3 potions of heal wounds {unknown}
 l - a potion of mutation {unknown}
 m - a potion of attraction {unknown}


   Skills:
 - Level 3.0 Fighting
 + Level 3.5 Axes
 - Level 2.4 Armour
 - Level 2.6 Shields


You had 2 spell levels left.
You didn't know any spells.
Your spell library contained the following spells:

 Spells                   Type           Power      Damage    Failure   Level
 Slow                     Hex            0%         N/A       85%         1
 Cigotuvi's Dreadful Rot  Necr/Pois/Air  0%         N/A       94%         2
 Confusing Touch          Hex            0%         N/A       99%         3
 Ozocubu's Armour         Ice            0%         N/A       99%         3
 Vampiric Draining        Necr           0%         2d6       99%         3
 Dispel Undead            Necr           0%         3d6       100%        4
 Metabolic Englaciation   Hex/Ice        0%         N/A       100%        5
 Death Channel            Necr           0%         N/A       100%        6
 Simulacrum               Ice/Necr       0%         N/A       100%        6


Dungeon Overview and Level Annotations

Branches:
Dungeon (2/15)

Altars:

Shops:
D:2 ?

Annotations:
D:2 Natasha


Innate Abilities, Weirdness & Mutations

Your serpentine skin is tough. (AC +1)
You have supernaturally acute eyesight. (SInv)
Armour fits poorly on your strangely shaped body.
Your system is resistant to poisons. (rPois)
You cover ground very slowly.
You can spit poison.
You have a snake-like lower body.


Message History

You slash the bat!
You kill the bat!
You open the door.
There is an open door here.
You see here a ball python corpse.
You open the door.
There is an open door here.
There is an open door here.
You see here a ball python skeleton.
There is an open door here.
Natasha, Servant of Life and Death comes into view.
Natasha hisses angrily.
Natasha stares at you and mumbles some strange words.
The magic dart hits you!
Natasha is nearby!
Natasha is nearby!
You barely miss Natasha. Natasha claws you.
Natasha is nearby!
You completely miss Natasha. You block Natasha's attack.
Natasha barely misses you.
Natasha is nearby!
You closely miss Natasha. You block Natasha's attack.
You closely miss Natasha. Natasha claws you.
You barely miss Natasha. Natasha claws you! You block Natasha's attack.
You barely miss Natasha. Natasha closely misses you.
You slash Natasha!
Natasha is heavily wounded.
Natasha claws you!
* * * LOW HITPOINT WARNING * * *
Natasha casts a spell at you. The magic dart hits you.
* * * LOW HITPOINT WARNING * * *
You barely miss Natasha.
Natasha is heavily wounded.
Natasha claws you.
* * * LOW HITPOINT WARNING * * *
You closely miss Natasha.
Natasha is heavily wounded.
Natasha claws you.
You die...

....#####.####.#.##....####.#.###
....# #.# #.#..'....#....#.#..
....# #.# #.####...##....#....
##### #.# #........##....###.#
#.########....##...># #.#
#........'....##)...###'#
########.#....##....#....
#.#....#######.... #@#....# #....
#h#....# ##### #.#....# #.###+##
#.# #.# #.# #.#


You could see Natasha.

Vanquished Creatures
  A worm (D:2)
  A dart slug (D:1)
  4 endoplasms
  2 giant cockroaches (D:1)
  A goblin (D:1)
  A hobgoblin (D:1)
  A quokka (D:2)
  3 ball pythons
  2 bats
  3 frilled lizards
  6 rats
25 creatures vanquished.

Notes
Turn   | Place    | Note
-------+----------+-------------------------------------------
     0 | D:1      | CInkIbrahim the Naga Fighter began the quest for the Orb.
     0 | D:1      | Reached XP level 1. HP: 21/21 MP: 1/1
   139 | D:1      | Reached XP level 2. HP: 28/28 MP: 2/2
   500 | D:2      | Found Ygievaef's Magic Scroll Boutique.
   560 | D:2      | Reached XP level 3. HP: 13/34 MP: 3/3
   870 | D:2      | Noticed Natasha
   881 | D:2      | Slain by Natasha

Illustrated notes

Levels and vault maps discovered:
D:1:      saegor_arrival_under_anarchy, layout_rooms
D:2:      layout_basic, ebering_ecumenical_altar_abandoned, serial_shops, shop,
          minmay_misc_feat_five, uniq_natasha

Skill      XL: |  1  2 |
---------------+-------+-----
Axes           | 3 |  3.5
Fighting       | |  3.0
Armour         | |  2.4
Shields        | |  2.6

Action                     || total
---------------------------++-------
  Melee: War axe           ||    62
 Armour: Scale mail        ||    22
  Dodge: Dodged            ||    21
  Block: Buckler           ||    11
